 Dungeon Crawl Stone Soup version 0.19.4 (webtiles) character file.

402 vatarom the Shield-Bearer (level 7, -8/82 HPs)
             Began as a Formicid Fighter on Feb 3, 2017.
             Was a Believer of Uskayaw.
             Killed by divine providence
             ... invoked by an orc priest
              (11 damage)
             ... on level 4 of the Dungeon.
             The game lasted 00:05:36 (2642 turns).

vatarom the Shield-Bearer (Formicid Fighter)        Turns: 2642, Time: 00:05:37

Health: -8/82      AC: 23    Str: 20    XL:     7   Next: 11%
Magic:  1/7        EV:  2    Int:  9    God:    Uskayaw [**....]
Gold:   305        SH: 10    Dex: 11    Spells: 0 memorised, 6 levels left

rFire  + . .     SeeInvis .     a - +1 quarterstaff
rCold  . . .     Gourm    .     (armour currently unavailable)
rNeg   + + +     Faith    .     c - +0 shield
rPois  +         Spirit   .     (helmet unavailable)
rElec  .         Reflect  .     (cloak currently unavailable)
rCorr  .         Harm     .     (gloves currently unavailable)
MR     .....                    (boots currently unavailable)
Stlth  +.........               (no amulet)
                                p - ring of poison resistance
                                o - ring of protection from fire

@: tree-form, very slightly contaminated
A: permanent stasis, dig shafts and tunnels, four strong arms, (antennae 0)
a: Stomp, Line Pass, Renounce Religion


You were on level 4 of the Dungeon.
You worshipped Uskayaw.
Uskayaw was noncommittal.
You were very full.
You were a tree.
You visited 1 branch of the dungeon, and saw 4 of its levels.

You collected 305 gold pieces.

Inventory:

Hand Weapons
 a - a +1 quarterstaff (weapon)
Armour
 b - a +0 scale mail (melded)
 c - a +0 shield (worn)
Jewellery
 m - an uncursed amulet of faith
 o - a ring of protection from fire (left branch)
 p - a ring of poison resistance (right branch)
Scrolls
 e - 5 scrolls of immolation
 j - a scroll of remove curse
 q - a scroll of noise {unknown}
 s - a scroll of magic mapping
Potions
 d - a potion of might
 h - 3 potions of brilliance
 r - a potion of invisibility
Comestibles
 f - 3 bread rations
 g - 2 slices of pizza
 l - a beef jerky
 n - 3 fruits


   Skills:
 + Level 4.9 Fighting
 + Level 3.9 Staves
 - Level 3.2 Armour
 * Level 6.8 Shields


You had 6 spell levels left.
You didn't know any spells.

Dungeon Overview and Level Annotations

Branches:
Dungeon (4/15)
 Temple: D:4-7

Altars:
Makhleb
Trog
Uskayaw


Innate Abilities, Weirdness & Mutations

You are under a permanent stasis effect.
You can dig through walls and to a lower floor.
Your four strong arms can wield two-handed weapons with a shield.
((You have a pair of large antennae on your head. (SInv)))


Message History

The orc hits you but does no damage. x3
Uskayaw will force your foes to helplessly watch your dance.
Uskayaw prepares the audience for your solo!
You stomp with the beat, sending a shockwave through the revelers around you!
The worker ant is heavily wounded.
The orc is severely wounded.
The orc is heavily wounded.
The orc is severely wounded.
The orc priest is severely wounded.
You feel somewhat less full.
The worker ant is no longer paralysed.
The orc priest is no longer paralysed.
The worker ant bites you but does no damage.
You block the orc priest's attack.
You stomp with the beat, sending a shockwave through the revelers around you!
The worker ant is severely wounded.
You kill the orc! x3
The orc priest is almost dead.
You feel somewhat less full. You block the worker ant's attack.
The orc priest mumbles some strange prayers to Beogh against you.
Beogh smites you!
You die...

...... ......
...... #...
......# ....#
#..... ....#
#.....###...#####
#....o).##..)....
#....a♣..........
#..$.)).........
#............###
#......###...#
......# ##..## #.
#. .....#
##..####...##.
#....
#.>#.......#.
$....#
##...........
.....#
#..###......


You could see a worker ant and an orc priest.

Vanquished Creatures
  An eye of draining (D:3)
  An orc priest (D:4)
  A hound (D:4)
  An orc wizard (D:3)
  An iguana (D:4)
  A worker ant (D:3)
  A hound zombie (D:3)
  6 adders
  An adder zombie (D:3)
  2 worms
  A dart slug (D:3)
  A leopard gecko (D:1)
  7 orcs
  2 ball pythons
  4 giant cockroaches
  16 hobgoblins
  4 jackals
  2 quokkas (D:2)
  4 bats
  4 frilled lizards
  A giant cockroach zombie (D:3)
  18 goblins
  8 kobolds
  8 rats
96 creatures vanquished.

Notes
Turn   | Place    | Note
-------+----------+-------------------------------------------
     0 | D:1      | vatarom the Formicid Fighter began the quest for the Orb.
     0 | D:1      | Reached XP level 1. HP: 18/18 MP: 1/1
    50 | D:1      | Reached XP level 2. HP: 24/24 MP: 2/2
   169 | D:1      | Reached skill level 4 in Shields
   405 | D:1      | Reached XP level 3. HP: 30/30 MP: 3/3
   869 | D:2      | Reached XP level 4. HP: 30/37 MP: 4/4
   912 | D:2      | Found a faded altar of an unknown god.
  1291 | D:2      | Reached skill level 5 in Shields
  1568 | D:2      | Reached XP level 5. HP: 39/42 MP: 5/5
  1572 | D:2      | Found a hide-covered altar of Uskayaw.
  1576 | D:2      | Became a worshipper of Uskayaw the Reveler
  1673 | D:3      | Reached * piety under Uskayaw
  1832 | D:3      | Reached ** piety under Uskayaw
  1838 | D:3      | Reached *** piety under Uskayaw
  2080 | D:3      | Reached XP level 6. HP: 45/49 MP: 6/6
  2206 | D:3      | Reached skill level 6 in Shields
  2354 | D:3      | Found a bloodstained altar of Trog.
  2354 | D:3      | Noticed an eye of draining
  2378 | D:3      | Killed an eye of draining
  2458 | D:3      | Found a burning altar of Makhleb.
  2569 | D:4      | Reached XP level 7. HP: 55/55 MP: 7/7
  2640 | D:4      | HP: 2/82 [orc priest/divine providence (8)]
  2642 | D:4      | Killed from afar by an orc priest

Skill      XL: |  1  2  3  4  5  6 |
---------------+-------------------+-----
Shields        | 4 5 6 |  6.8
Fighting       | 4 |  4.9
Staves         | 3 |  3.9
Armour         | |  3.2

Action                   |  1- 3 |  4- 6 |  7- 9 || total
-------------------------+-------+-------+-------++-------
Melee: Quarterstaff      |   109 |   198 |    12 ||   319
Invok: Stomp             |       |       |     2 ||     2
 Abil: Dig               |     1 |     1 |       ||     2
  Use: Scroll            |     3 |     3 |       ||     6
       Potion            |     3 |       |     3 ||     6
 Stab: Paralysed         |       |     2 |       ||     2
  Eat: Bread ration      |       |     1 |     2 ||     3
       Chunk             |       |     1 |       ||     1
Armor: Scale mail        |    43 |    54 |     3 ||   100
       Skin              |       |       |    19 ||    19
Dodge: Dodged            |    29 |    58 |     3 ||    90
Block: Shield            |    52 |    88 |    22 ||   162
